 Dungeon Crawl Stone Soup version 0.29-a0-563-g64e4043184 (webtiles) character file.

Game seed: 9562565373045050704

73 DocClef the Covert (level 4, -1/41 HPs)
             Began as a Gnoll Delver on June 11, 2022.
             Slain by a centaur (3 damage)
             ... on level 6 of the Dungeon.
             The game lasted 00:00:37 (364 turns).

DocClef the Covert (Gnoll Delver)                    Turns: 364, Time: 00:00:37

Health: -1/41      AC:  3    Str: 11    XL:     4   Next: 27%
Magic:  5/5        EV: 13    Int: 10    God:
Gold:   0          SH:  0    Dex: 15    Spells: 5/5 levels left

rFire   . . .      SeeInvis .   a - +0 short sword
rCold   . . .      Faith    .   (no shield)
rNeg    . . .      Spirit   .   b - +0 leather armour
rPois   .          Reflect  .   (no helmet)
rElec   .          Harm     .   (no cloak)
rCorr   .          Rampage  .   (no gloves)
Will    .....                   (no boots)
Stlth   ++++......              (no amulet)
HPRegen 0.13/turn               (no ring)
MPRegen 0.09/turn               (no ring)

@: lethally poisoned (-1 -> -10)
A: fangs 1, strong nose, distributed training
a: no special abilities


You were on level 6 of the Dungeon.
You visited 1 branch of the dungeon, and saw 2 of its levels.

Inventory:

Hand Weapons
 a - a +0 short sword (weapon)
Armour
 b - a +0 leather armour (worn)
Wands
 g - a wand of digging (7)
Scrolls
 c - a scroll of fog
 d - a scroll of magic mapping
 e - a scroll of fear
 h - a scroll of enchant armour {unknown}
Potions
 f - a potion of haste


   Skills:
 + Level 6.6 Fighting
 + Level 4.6 Short Blades
 + Level 1.1 Long Blades
 + Level 1.1 Axes
 + Level 1.1 Maces & Flails
 + Level 1.1 Polearms
 + Level 1.1 Staves
 + Level 1.1 Slings
 + Level 1.1 Bows
 + Level 1.1 Crossbows
 + Level 1.1 Throwing
 + Level 1.1 Armour
 + Level 4.6 Dodging
 + Level 9.6 Stealth
 + Level 1.1 Shields
 + Level 1.1 Unarmed Combat
 + Level 1.1 Spellcasting
 + Level 0.8 Conjurations
 + Level 0.8 Hexes
 + Level 0.8 Summonings
 + Level 0.8 Necromancy
 + Level 0.8 Translocations
 + Level 0.8 Transmutations
 + Level 0.8 Fire Magic
 + Level 0.8 Ice Magic
 + Level 0.8 Air Magic
 + Level 0.8 Earth Magic
 + Level 0.8 Poison Magic
 + Level 1.2 Invocations
 + Level 1.1 Evocations


You had 5 spell levels left.
You didn't know any spells.
Your spell library was empty.

Dungeon Overview and Level Annotations

Branches:
Dungeon (6/15)
 Temple: D:4-7

Altars:
Uskayaw


Innate Abilities, Weirdness & Mutations

You have very sharp teeth.
Your uncanny sense of smell can sniff out nearby items.
Your experience applies equally to all skills.


Message History

Found a stone staircase leading up.
The centaur shouts!
The centaur wields a +0 shortbow.
The centaur shoots an arrow.
The arrow hits you!
The centaur shoots an arrow.
The arrow closely misses you.
The centaur shoots an arrow.
The arrow hits you.
The water moccasin hisses angrily.
Found an escape hatch in the ceiling.
The centaur shoots an arrow.
The arrow closely misses you. The water moccasin barely misses you.
You miss the water moccasin. The water moccasin bites you.
The centaur unwields a +0 shortbow.
The centaur hits you.
The centaur kicks you but does no damage.
You are too injured to fight recklessly!
You are too injured to fight recklessly!
You hit the centaur.
The centaur is lightly wounded.
The water moccasin misses you.
The centaur hits you but does no damage.
The centaur kicks you but does no damage.
You hit the centaur but do no damage.
The centaur is lightly wounded.
The water moccasin barely misses you. The centaur hits you.
The centaur misses you.
You barely miss the centaur.
The centaur is lightly wounded.
The water moccasin misses you. The centaur closely misses you.
The centaur misses you. The water moccasin bites you.
* * * LOW HITPOINT WARNING * * *
You are poisoned.
The water moccasin poisons you! The centaur hits you.
* * * LOW HITPOINT WARNING * * *
The centaur kicks you.
* * * LOW HITPOINT WARNING * * *
Unknown command.
Unknown command.
You hit the centaur.
The centaur is lightly wounded.
* * * LOW HITPOINT WARNING * * *
You feel sick. The centaur hits you.
You die...

..)#.........#..........#
..<.........##..........#
#.......................#
#.......................#
#.##....####.............
#. #.....................
#. .....................
.. ...................<
## ##.........@....... ∆
.........Sc......
................
....#...........
.#..+.......<... #.
#........... ####........
#........


You could see a water moccasin and a centaur.

Vanquished Creatures
  Blork the orc (D:6)
  2 orcs (D:6)
3 creatures vanquished.

Vanquished Creatures (others)
  2 plants (D:5)
2 creatures vanquished.

Grand Total: 5 creatures vanquished

Notes
Turn   | Place    | Note
-------+----------+-------------------------------------------
     0 | D:5      | Reached skill level 9 in Stealth
     0 | D:5      | DocClef the Gnoll Delver began the quest for the Orb.
     0 | D:5      | Reached XP level 1. HP: 23/23 MP: 1/1
    12 | D:5      | Noticed an orc wizard
   246 | D:6      | Noticed a centaur
   267 | D:6      | Found a hide-covered altar of Uskayaw.
   272 | D:6      | Noticed Blork the orc
   279 | D:6      | Killed Blork the orc
   280 | D:6      | Reached skill level 1 in Long Blades
   280 | D:6      | Reached skill level 1 in Axes
   280 | D:6      | Reached skill level 1 in Maces & Flails
   280 | D:6      | Reached skill level 1 in Polearms
   280 | D:6      | Reached skill level 1 in Staves
   280 | D:6      | Reached skill level 1 in Slings
   280 | D:6      | Reached skill level 1 in Bows
   280 | D:6      | Reached skill level 1 in Crossbows
   280 | D:6      | Reached skill level 1 in Throwing
   280 | D:6      | Reached skill level 1 in Armour
   280 | D:6      | Reached skill level 1 in Shields
   280 | D:6      | Reached skill level 1 in Unarmed Combat
   280 | D:6      | Reached skill level 1 in Spellcasting
   280 | D:6      | Reached skill level 1 in Invocations
   280 | D:6      | Reached skill level 1 in Evocations
   280 | D:6      | Reached XP level 2. HP: 29/29 MP: 1/3
   280 | D:6      | Reached XP level 3. HP: 35/35 MP: 1/4
   280 | D:6      | Reached XP level 4. HP: 41/41 MP: 1/5
   352 | D:6      | Noticed a water moccasin
   364 | D:6      | HP: 2/41 [poisoned by a water moccasin]
   364 | D:6      | Slain by a centaur

Illustrated notes

Levels and vault maps discovered:
D:5:      minmay_angry_zag, layout_loops_ring, ebering_ghost_reflecting_pool,
          kennysheep_boxes, uniq_menkaure, uniq_edmund
D:6:      layout_basic, mainiacjoe_overflow_alcove_4,
          minmay_temple_entry_antechambers, uniq_blork_the_orc, uniq_grinder

Skill      XL: |  1 |
---------------+----+-----
Stealth        | |  9.6
Long Blades    | 1 |  1.1
Axes           | 1 |  1.1
Maces & Flails | 1 |  1.1
Polearms       | 1 |  1.1
Staves         | 1 |  1.1
Slings         | 1 |  1.1
Bows           | 1 |  1.1
Crossbows      | 1 |  1.1
Throwing       | 1 |  1.1
Armour         | 1 |  1.1
Shields        | 1 |  1.1
Unarmed Combat | 1 |  1.1
Spellcasting   | 1 |  1.1
Invocations    | 1 |  1.2
Evocations     | 1 |  1.1
Fighting       | |  6.6
Short Blades   | |  4.6
Dodging        | |  4.6
Conjurations   | |  0.8
Hexes          | |  0.8
Summonings     | |  0.8
Necromancy     | |  0.8
Translocations | |  0.8
Transmutations | |  0.8
Fire Magic     | |  0.8
Ice Magic      | |  0.8
Air Magic      | |  0.8
Earth Magic    | |  0.8
Poison Magic   | |  0.8

Action                   |  1- 3 |  4- 6 || total
-------------------------+-------+-------++-------
Melee: Short sword       |    12 |     5 ||    17
       Bite              |     1 |       ||     1
 Stab: Sleeping          |     1 |       ||     1
Armor: Leather armour    |       |     3 ||     3
Dodge: Dodged            |    11 |     9 ||    20

Table legend: (Time is in decaauts)
 A = Elapsed time spent in this place.
 B = Non-inter-level travel time spent in this place.
 C = Inter-level travel time spent in this place.
 D = Time resting spent in this place.
 E = Time spent auto-exploring this place.
 F = Levels seen in this place.
 G = Mean time per level.
                   A        B        C        D        E       F      G
               +--------+--------+--------+--------+--------+-----+--------+
         Total |    362 |    362 |      0 |    209 |     55 |   2 |  181.0 |
       Dungeon |    362 |    362 |      0 |    209 |     55 |   2 |  181.0 |
               +--------+--------+--------+--------+--------+-----+--------+

Top non-repeatable levels by time:
     D:6: 339 daAuts
     D:5: 23 daAuts
